 Dungeon Crawl Stone Soup version 0.28-a0-1128-gb845255321 (webtiles) character file.

Game seed: 5895432178545169241

36204 Mathemagician the Severer (level 13, -9/122 HPs)
             Began as a Minotaur Berserker on Dec 11, 2021.
             Was a High Priest of Trog.
             Killed from afar by a deep elf knight (22 damage)
             ... with a shard of ice
             ... on level 2 of the Orcish Mines on Dec 12, 2021.
             The game lasted 09:17:42 (32859 turns).

Mathemagician the Severer (Minotaur Berserker)     Turns: 32859, Time: 09:17:42

Health: -9/122     AC: 25    Str: 38    XL:     13   Next: 51%
Magic:  4/4        EV: 13    Int:  4    God:    Trog [*****.]
Gold:   1967       SH:  0    Dex: 11    Spells: 12/12 levels left

rFire   . . .      SeeInvis .   P - +1 battleaxe (antimagic)
rCold   . . .      Faith    .   (shield currently unavailable)
rNeg    . . .      Spirit   .   f - +2 plate armour
rPois   .          Reflect  .   (helmet restricted)
rElec   .          Harm     .   k - +2 cloak
rCorr   .          Rampage  .   m - +2 pair of gloves
Will    .....      Clarity  +   (no boots)
Stlth   ..........              t - amulet of the acrobat
HPRegen 0.30/turn               G - +6 ring of strength
MPRegen 0.09/turn               r - +6 ring of strength

@: unable to read
A: horns 2, retaliatory headbutt, clarity, inability to read while threatened,
MP-powered wands
a: Renounce Religion, Berserk, Trog's Hand, Brothers in Arms


You were on level 2 of the Orcish Mines.
You worshipped Trog.
Trog was extremely pleased with you.
You visited 5 branches of the dungeon, and saw 18 of its levels.
You also visited: Ossuary and Ice Cave.

You collected 2199 gold pieces.
You spent 232 gold pieces at shops.

Inventory:

Hand Weapons
 b - a +4 war axe of electrocution
 P - a +1 antimagic battleaxe (weapon)
 Q - a +2 great mace of protection
 U - a +4 flail of freezing
Missiles
 c - 449 stones
 v - 22 poisoned darts (quivered)
 J - 11 atropa-tipped darts
 K - 3 curare-tipped darts
 M - 10 javelins
 R - a throwing net
Armour
 f - a +2 plate armour (worn)
 k - a +2 cloak (worn)
 m - a +2 pair of gloves (worn)
Jewellery
 a - a ring of flight
 r - a +6 ring of strength (right hand)
 t - an amulet of the acrobat (around neck)
 G - a +6 ring of strength (left hand)
 O - the ring of the Scarab {rElec SInv Stlth+}
   (You found it on level 5 of the Dungeon)

   [ring of see invisible]

   rElec:     It insulates you from electricity.
   SInv:      It lets you see invisible.
   Stlth:     It makes you more stealthy.
Wands
 o - a wand of polymorph (11)
 u - a wand of iceblast (14)
 V - a wand of mindburst (3)
Scrolls
 d - 4 scrolls of immolation
 e - a scroll of blinking
 h - a scroll of enchant armour
 q - a scroll of enchant weapon
 s - 4 scrolls of identify
 w - 2 scrolls of torment
 y - 3 scrolls of teleportation
 A - 2 scrolls of fog
 D - a scroll of vulnerability
 F - a scroll of summoning
 I - 3 scrolls of amnesia
 L - a scroll of brand weapon
 N - a scroll of magic mapping
 Y - a scroll of noise
Potions
 g - a potion of berserk rage
 i - a potion of lignification
 j - 4 potions of mutation
 l - 2 potions of resistance
 n - a potion of cancellation
 p - 2 potions of magic
 x - 4 potions of attraction
 z - a potion of heal wounds
 B - 4 potions of flight
 C - 3 potions of curing
 E - a potion of degeneration
 S - 2 potions of invisibility
 X - a potion of haste


   Skills:
 + Level 13.1 Fighting
 * Level 17.8 Axes
 + Level 12.8 Armour
 + Level 11.8 Dodging


You had 12 spell levels left.
You didn't know any spells.
Your spell library contained the following spells:

 Spells                   Type           Power      Damage    Failure   Level
 Beastly Appendage        Tmut           0%         N/A       94%         1
 Freeze                   Ice            0%         1d3       94%         1
 Wereblood                Tmut           0%         N/A       98%         2
 Frozen Ramparts          Ice            0%         1d2       100%        3
 Ignite Poison            Fire/Tmut/Pois 0%         N/A       100%        3
 Mephitic Cloud           Conj/Pois/Air  0%         N/A       100%        3
 Spider Form              Tmut/Pois      0%         N/A       100%        3
 Hailstorm                Conj/Ice       0%         3d3       100%        4
 Petrify                  Tmut/Erth      0%         N/A       100%        4
 Blade Hands              Tmut           0%         N/A       100%        5
 Freezing Cloud           Conj/Ice/Air   0%         6-21      100%        5
 Irradiate                Conj/Tmut      0%         3d13      100%        5
 Metabolic Englaciation   Hex/Ice        0%         N/A       100%        5
 Summon Forest            Summ/Tloc      0%         N/A       100%        5
 Summon Mana Viper        Hex/Summ       0%         N/A       100%        5
 Statue Form              Tmut/Erth      0%         N/A       100%        6
 Summon Cactus Giant      Summ           0%         N/A       100%        6
 Dragon Form              Tmut           0%         N/A       100%        7


Dungeon Overview and Level Annotations

Branches:
Dungeon (12/15)            Temple (1/1) D:5            Lair (2/6) D:10
    Orc (2/2) D:12            Elf (1/3) Orc:2       Ossuary (visited)
  IceCv (visited)
  Swamp: Lair:2-4    Shoals: Lair:2-4     Snake: Lair:2-4    Spider: Lair:2-4

Altars:
Ashenzari
Cheibriados
Dithmenos
Elyvilon
Fedhas
Gozag
Hepliaklqana
Kikubaaqudgha
Makhleb
Nemelex Xobeh
Okawaru
Qazlal
Ru
Sif Muna
Trog
Uskayaw
Vehumet
Wu Jian
Xom
Yredelemnul
Zin
The Shining One
Beogh

Shops:
D:12 [   Orc:2 :*([?(

Portals:
Abyss: Orc:2

Annotations:
Orc:1 2 transporters
Orc:2 2 transporters, anet's ghost, journeyman DECj


Innate Abilities, Weirdness & Mutations

You have a pair of horns on your head.
You reflexively headbutt those who attack you in melee.
You possess an exceptional clarity of mind.
You sometimes lose the ability to read scrolls when taking damage.
You expend magic power (3 MP) to strengthen your wands.


Message History

You hear some strange, mumbled words.
A shard of ice appears from out of thin air!
The shard of ice misses you.
Okay, then.
You cannot read scrolls in your current state!
Unknown command.
You feel better.
You feel yourself speed up. Something hits you but does no damage.
You hear some strange, mumbled words.
A shard of ice appears from out of thin air!
The shard of ice hits you!!
* * * LOW HITPOINT WARNING * * *
You feel much better. Something hits you!
* * * LOW HITPOINT WARNING * * *
Something closely misses you. Something hits you!
* * * LOW HITPOINT WARNING * * *
Something hits you.
* * * LOW HITPOINT WARNING * * *
You hear some strange, mumbled words.
A shard of ice appears from out of thin air!
The shard of ice misses you.
You hear some strange, mumbled words.
A lance of force appears from out of thin air!
The lance of force misses you.
You recover from your berserk rage.
Items here: )) [[.
Items here: )))))))) [[[[[[[[.
You can read scrolls again.
Something hits you.
* * * LOW HITPOINT WARNING * * *
There is a stone staircase leading up, spattered with blood here.
Things that are here:
a scarf of resistance; a +2 scale mail of cold resistance; a ring of positive energy You hear some strange, mumbled words.
A shard of ice appears from out of thin air!
The shard of ice hits you!!
You feel threatened and lose the ability to read scrolls!
You die...

# ###.....∩......#.......##
##
##.#.....................##
.#
#...........#.......#.....#
##
##.#......................#
#
##......................##
##......................#
##....................## ##
##....................# .##
##......@............# ..##
#......){)......#....# ...#
##......[.)..........#
#..####
##.................##
#.##.∩# #[................#
###...#
###)...............##
##...##
##........#..........#
#...##
#........#........#.##
...##
##......#............#


There were no monsters in sight!

Vanquished Creatures
  An orc warlord (Orc:2)
  Harold (D:7)
  A catoblepas (D:12)
  5 two-headed ogres
  3 dancing weapons (Orc:2)
  Urug (Orc:2)
  An orc high priest (Orc:2)
  A deep elf knight (Elf:1)
  3 orc knights
  Pikel (D:7)
  4 deep elf zephyrmancers (Elf:1)
  2 deep elf pyromancers (Elf:1)
  4 orc sorcerers
  2 manticores
  5 cyclopes
  Joseph (D:9)
  A black mamba (Lair:1)
  2 gargoyles
  Maggie (D:6)
  A cane toad (Lair:1)
  2 komodo dragons (Lair:1)
  2 ice devils (D:12)
  2 trolls
  A meliai zombie (D:11)
  A wraith (D:11)
  2 water elementals
  A basilisk (Lair:1)
  A wyvern (Lair:2)
  A steam dragon (D:7)
  20 yaks
  A fire elemental (Elf:1)
  A death yak simulacrum (IceCv)
  4 vampire mosquitoes (D:12)
  An acid dragon (D:9)
  4 wargs
  3 water moccasins
  3 sky beasts
  A black bear (D:5)
  An ice beast (D:5)
  30 orc warriors
  5 ogres
  A tengu (D:2)
  4 wolves (Lair:2)
  4 centaurs
  A kobold brigand (D:8)
  3 lemures (D:7)
  10 bullfrogs
  4 gnoll sergeants
  A two-headed ogre simulacrum (IceCv)
  A cane toad simulacrum (IceCv)
  3 scorpions
  2 wyvern skeletons
  A water moccasin skeleton (D:4)
  An elephant simulacrum (IceCv)
  4 killer bees
  8 wights (D:7)
  An electric eel (D:12)
  3 howler monkeys
  A crimson imp (D:10)
  2 bullfrog zombies
  5 centaur zombies
  3 jellies
  Crazy Yiuf (D:7)
  5 hounds
  A gnoll shaman (D:6)
  20 orc priests
  5 bullfrog skeletons
  2 iguanas
  21 orc wizards
  3 polar bear simulacra (IceCv)
  3 spriggan simulacra (IceCv)
  3 troll simulacra (IceCv)
  A wolf simulacrum (IceCv)
  A hound zombie (D:5)
  A howler monkey zombie (D:5)
  9 mummies
  Robin (D:3)
  26 gnolls
  A howler monkey skeleton (D:6)
  6 adders
  9 naga simulacra (IceCv)
  A river rat (D:3)
  2 shadow imps
  7 white imps
  4 ufetubi
  3 dart slugs
  82 orcs
  5 endoplasms
  5 giant cockroaches
  A gnoll zombie (Ossuary)
  14 goblins
  8 hobgoblins
  A jackal (D:5)
  A quokka (D:2)
  4 ball pythons
  5 bats
  4 frilled lizards
  A goblin zombie (D:4)
  4 hobgoblin zombies (Ossuary)
  5 kobolds
  A kobold zombie (Ossuary)
  3 orc zombies
  9 rats
480 creatures vanquished.

Vanquished Creatures (collateral kills)
  A death knight (D:12)
1 creature vanquished.

Vanquished Creatures (others)
  A fungus (Lair:2)
  A plant (Lair:2)
2 creatures vanquished.

Grand Total: 483 creatures vanquished

Notes
Turn   | Place    | Note
-------+----------+-------------------------------------------
     0 | D:1      | Mathemagician the Minotaur Berserker began the quest for
                  | the Orb.
     0 | D:1      | Reached XP level 1. HP: 19/19 MP: 0/0
   446 | D:1      | Reached skill level 4 in Axes
   446 | D:1      | Reached XP level 2. HP: 16/27 MP: 1/1
   682 | D:1      | You fall into a shaft and drop 1 floor!
   729 | D:2      | Reached XP level 3. HP: 15/33 MP: 2/2
  1228 | D:1      | Gained mutation: You possess an exceptional clarity of
                  | mind. [potion of mutation]
  1228 | D:1      | Gained mutation: You expend magic power (3 MP) to
                  | strengthen your wands. [potion of mutation]
  1228 | D:1      | Gained mutation: You sometimes lose the ability to read
                  | scrolls when taking damage. [potion of mutation]
  1268 | D:1      | Reached XP level 4. HP: 40/40 MP: 3/3
  2786 | D:2      | Reached skill level 5 in Axes
  3145 | D:3      | Found a glowing silver altar of Zin.
  3255 | D:3      | Noticed Robin
  3294 | D:3      | Killed Robin
  3303 | D:3      | Reached ** piety under Trog
  3305 | D:3      | Reached XP level 5. HP: 45/47 MP: 4/4
  3590 | D:3      | Found a faded altar of an unknown god.
  3596 | D:3      | Noticed an ogre
  3596 | D:3      | an orc changed into an ogre
  3609 | D:3      | Noticed a tengu
  3609 | D:3      | an ogre changed into a tengu
  3682 | D:2      | Killed a tengu
  3922 | D:3      | Reached XP level 6. HP: 41/55 MP: 5/5
  4292 | D:3      | Reached skill level 6 in Axes
  4932 | D:4      | Found a sand-covered staircase.
  5063 | D:4      | Reached skill level 5 in Fighting
  5176 | Ossuary  | Entered an ossuary
  6280 | D:4      | Found an opulent altar of Gozag.
  6719 | D:4      | Reached XP level 7. HP: 61/61 MP: 6/6
  7000 | D:5      | Entered Level 5 of the Dungeon
  7230 | D:5      | Found a burning altar of Makhleb.
  7397 | D:5      | Identified the +1 robe "Zooskoen" {Str+4}
  7450 | D:5      | Reached skill level 7 in Axes
  7461 | D:5      | Reached skill level 5 in Armour
  7978 | D:5      | Reached *** piety under Trog
  7979 | D:5      | Reached XP level 8. HP: 54/70 MP: 7/7
  8132 | D:5      | Reached skill level 8 in Axes
  8132 | D:5      | Reached skill level 5 in Dodging
  8468 | D:5      | Identified 2 scrolls of acquirement
  8468 | D:5      | Acquired 494 gold pieces
  8757 | D:5      | Identified the ring of the Scarab {rElec SInv Stlth+}
  9082 | D:5      | Found a staircase to the Ecumenical Temple.
  9088 | Temple   | Entered the Ecumenical Temple
  9439 | D:5      | Reached skill level 9 in Axes
  9513 | D:5      | Noticed a two-headed ogre
  9576 | D:5      | Killed a two-headed ogre
  9577 | D:5      | Reached skill level 10 in Axes
  9577 | D:5      | Reached XP level 9. HP: 63/80 MP: 8/8
 10535 | D:6      | Found a white marble altar of Elyvilon.
 11176 | D:6      | Noticed Maggie
 11211 | D:6      | Killed Maggie
 11212 | D:6      | Reached skill level 11 in Axes
 12050 | D:6      | Acquired a +2 war axe of electrocution
 12156 | D:7      | Found a snail-covered altar of Cheibriados.
 12316 | D:7      | Reached XP level 10. HP: 90/90 MP: 9/9
 12383 | D:7      | Noticed Harold
 12494 | D:7      | Killed Harold
 12630 | D:7      | Found a runed translucent door.
 12631 | D:7      | Noticed Crazy Yiuf
 12785 | D:7      | Found a broken altar of Ashenzari.
 12946 | D:7      | Reached skill level 12 in Axes
 13362 | D:7      | Found an ornate altar of the Wu Jian Council.
 14101 | D:7      | Noticed Pikel
 14169 | D:7      | Killed Pikel
 14392 | D:7      | Killed Crazy Yiuf
 14781 | D:8      | Found the +2 hat of the Bear Spirit {Spirit, *Rage Will++}
 16423 | D:9      | Reached **** piety under Trog
 16504 | D:9      | Found a shadowy altar of Dithmenos.
 16575 | D:9      | Reached skill level 13 in Axes
 17240 | D:9      | Noticed Joseph
 17257 | D:9      | Killed Joseph
 17258 | D:9      | Reached XP level 11. HP: 99/99 MP: 10/10
 17359 | D:9      | Noticed a two-headed ogre
 17394 | D:9      | Killed a two-headed ogre
 17395 | D:9      | Reached skill level 10 in Fighting
 17512 | D:9      | Noticed a two-headed ogre
 17553 | D:9      | Killed a two-headed ogre
 17780 | D:10     | Entered Level 10 of the Dungeon
 18086 | D:10     | Noticed a two-headed ogre
 18385 | D:10     | Found a staircase to the Lair.
 18452 | D:10     | Reached skill level 10 in Armour
 18558 | D:10     | Reached skill level 14 in Axes
 18572 | D:10     | Noticed a two-headed ogre
 18598 | D:10     | Killed a two-headed ogre
 18941 | D:10     | Found a hazy altar of Hepliaklqana.
 18950 | D:10     | Found a shimmering altar of Xom.
 18953 | D:10     | Found a radiant altar of Vehumet.
 18956 | D:10     | Found a bloodstained altar of Trog.
 19206 | D:10     | Killed a two-headed ogre
 19771 | Lair:1   | Entered Level 1 of the Lair of Beasts
 20867 | Lair:1   | Reached skill level 15 in Axes
 21007 | Lair:2   | Reached skill level 10 in Dodging
 21033 | Lair:2   | Reached XP level 12. HP: 108/110 MP: 11/11
 21039 | Lair:2   | Noticed a six-headed hydra
 23308 | D:12     | Found a frozen archway.
 23329 | IceCv    | Entered an ice cave
 23756 | IceCv    | Reached ***** piety under Trog
 24859 | IceCv    | Noticed a reaper
 24904 | D:12     | Reached skill level 16 in Axes
 25126 | D:12     | Noticed a death knight
 25312 | D:12     | Upgraded the game from 0.28-a0-1114-g8eb0198dcf to
                  | 0.28-a0-1128-gb845255321
 26085 | D:12     | Found Enak's Antique Armour Boutique.
 26093 | D:12     | Bought a pair of embroidered gloves for 232 gold pieces
 26224 | D:12     | Noticed a catoblepas
 26524 | D:12     | Killed a catoblepas
 27105 | D:12     | Found a staircase to the Orcish Mines.
 27981 | D:12     | Killed a death knight
 28483 | Orc:1    | Entered Level 1 of the Orcish Mines
 28977 | Orc:1    | Found a transporter.
 28979 | Orc:1    | Found a transporter.
 28991 | Orc:1    | Noticed an orc high priest
 28991 | Orc:1    | Noticed a two-headed ogre
 29006 | Orc:1    | Noticed an orc warlord
 29007 | Orc:1    | Noticed an orc high priest
 29011 | Orc:1    | Noticed an orc high priest
 29063 | Orc:1    | Noticed a two-headed ogre
 29065 | Orc:1    | Noticed an orc warlord
 29191 | Orc:2    | Entered Level 2 of the Orcish Mines
 29410 | Orc:2    | Found Bapp's Magic Scroll Emporium.
 29455 | Orc:2    | Found Eptucar's Weapon Shop.
 29514 | Orc:2    | Noticed an orc high priest
 29522 | Orc:2    | Killed an orc high priest
 29589 | Orc:2    | Noticed an orc warlord
 29613 | Orc:2    | Killed an orc warlord
 29614 | Orc:2    | Reached XP level 13. HP: 119/119 MP: 1/12
 29965 | Orc:2    | Paralysed by an orc sorcerer for 2 turns
 30040 | Orc:2    | Noticed Urug
 30223 | Orc:2    | Killed Urug
 30224 | Orc:2    | Reached skill level 17 in Axes
 30696 | Orc:2    | Found a staircase to the Elven Halls.
 30854 | Orc:2    | Found Ciguvid's Antique Weapon Shop.
 30880 | Orc:2    | Found Dijev's Book Shop.
 30898 | Orc:2    | Found Tuahacs's Antique Armour Shop.
 30941 | Orc:2    | Found a transporter.
 30946 | Orc:2    | Found a one-way gate to the infinite horrors of the Abyss.
 30946 | Orc:2    | Noticed anet's ghost (journeyman DECj)
 31343 | Orc:2    | Found Ezxadi's General Store.
 31534 | Orc:2    | Found a transporter.
 31762 | Elf:1    | Entered Level 1 of the Elven Halls
 31770 | Elf:1    | Received a gift from Trog
 32859 | Orc:2    | Killed from afar by a deep elf knight

Illustrated notes

Levels and vault maps discovered:
D:1:      mrwooster_arrival_statue_3, layout_basic, minmay_indecisive_spiral
D:2:      layout_basic, kennysheep_decorative_pillar
D:3:      layout_loops_cross, mainiacjoe_overflow_alcove_2,
          ebering_ecumenical_altar_sacrificial, portal_sewer_entry_e,
          kennysheep_cluttered_room, chequers_serial_rivers_small_3, uniq_robin
D:4:      minmay_wonky_spiral, layout_gridville, mainiacjoe_overflow_paths,
          nicolae_ossuary_entry_giza
D:5:      cheibrodos_fzero, layout_basic, mainiacjoe_overflow_24_doors,
          minmay_temple_entry_fiery, serial_corexii_hall,
          chequers_hall_statues_corner_a, corexii_hall_statues_t,
          chequers_hall_statues_corner_a, fountainhead
D:6:      layout_loops_ring, lemuel_tele_altar, uniq_maggie
D:7:      layout_gridville, lemuel_crystal_altar, nicolae_ashenzari_panopticon,
          mainiacjoe_overflow_chevrons, hangedman_decor_slide_cut,
          minmay_fractal_squares_diagonal_5, uniq_pikel, uniq_harold,
          uniq_crazy_yiuf_cottage
D:8:      layout_basic, enter_bailey_4, chequers_decorated_corner,
          nicolae_straight_to_the_point
D:9:      layout_roguey [special_room_orc], old_standard_altar, uniq_joseph
D:10:     layout_basic, grunt_temple_overflow_cloverleaf,
          erik_lair_orcish_takeover, minmay_fire_ice_demons
D:11:     layout_stronghold
D:12:     layout_stronghold, erik_orc_2, portal_ice_cave_demonic_guard,
          serial_shops, nicolae_diamond_shop
Temple:   dpeg_chambers_temple
Lair:1:   layout_big_grid, infiniplex_staircase_pool, grunt_megastairs_2
Lair:2:   layout_loops_ring, cheibrodos_lair_lostbears, grunt_megastairs_4
Orc:1:    gammafunk_beogh_shrine, layout_caves
Orc:2:    grunt_orc_cross, layout_caves, gauntlet_entry_generic, serial_shops,
          nicolae_lakefront_shop, shop, gammafunk_ghost_abyssal_escape
Elf:1:    minmay_elf_arrival_circle, layout_rooms, serial_shops,
          nicolae_lakefront_shop, shop, shop, nicolae_diamond_shop,
          minmay_elf_annihilation

Skill      XL: |  1  2  3  4  5  6  7  8  9 10 11 12 13 |
---------------+----------------------------------------+-----
Axes           | 4 5 6 7 10 11 13 15 16 17 | 17.8
Fighting       | 4 5 6 7 8 9 11 12 13 | 13.1
Armour         | 3 4 5 7 8 9 10 12 | 12.8
Dodging        | 3 4 6 7 8 10 11 | 11.8

Action                   |  1- 3 |  4- 6 |  7- 9 | 10-12 | 13-15 || total
-------------------------+-------+-------+-------+-------+-------++-------
Melee: Hand axe          |    37 |   145 |   151 |       |       ||   333
       Headbutt          |     6 |    37 |    49 |   119 |    39 ||   250
       War axe           |       |       |     6 |   462 |    96 ||   564
       Battleaxe         |       |       |       |       |    33 ||    33
Throw: Dart              |    23 |    52 |    16 |   200 |    45 ||   336
       Stone             |     2 |    69 |       |    28 |       ||    99
       Javelin           |       |       |    19 |    80 |       ||    99
       Throwing net      |       |       |       |     3 |       ||     3
Invok: Berserk           |     2 |     4 |     6 |    18 |     6 ||    36
       Trog's Hand       |       |     1 |       |     6 |     1 ||     8
       Brothers in Arms  |       |       |       |     2 |       ||     2
Evoke: Wand              |       |     2 |    13 |    33 |     1 ||    49
  Use: Potion            |     2 |     1 |     4 |     6 |     3 ||    16
       Scroll            |     1 |     4 |     9 |    13 |       ||    27
 Stab: Invisible         |       |       |     1 |     3 |       ||     4
       Held in net/web   |       |       |       |     1 |       ||     1
Armor: Animal skin       |     1 |       |       |       |       ||     1
       Chain mail        |       |    58 |    32 |       |       ||    90
       Swamp dragon scal |       |       |    14 |     8 |       ||    22
       Quicksilver drago |       |       |       |    29 |       ||    29
       Plate armour      |       |       |       |   150 |    74 ||   224
Dodge: Dodged            |    27 |    82 |    98 |   297 |   101 ||   605

Table legend: (Time is in decaauts)
 A = Elapsed time spent in this place.
 B = Non-inter-level travel time spent in this place.
 C = Inter-level travel time spent in this place.
 D = Time resting spent in this place.
 E = Time spent auto-exploring this place.
 F = Levels seen in this place.
 G = Mean time per level.
                   A        B        C        D        E       F      G
               +--------+--------+--------+--------+--------+-----+--------+
         Total |  33190 |  32102 |   1088 |   7393 |   1362 |  20 | 1659.5 |
       Dungeon |  25243 |  24223 |   1020 |   4917 |   1312 |  12 | 2103.6 |
        Temple |    280 |    280 |      0 |      0 |      0 |   1 |  280.0 |
          Lair |   1243 |   1175 |     68 |    299 |     50 |   2 |  621.5 |
  Orcish Mines |   4086 |   4086 |      0 |   1297 |      0 |   2 | 2043.0 |
   Elven Halls |    148 |    148 |      0 |      0 |      0 |   1 |  148.0 |
       Ossuary |    645 |    645 |      0 |    269 |      0 |   1 |  645.0 |
      Ice Cave |   1542 |   1542 |      0 |    610 |      0 |   1 | 1542.0 |
               +--------+--------+--------+--------+--------+-----+--------+

Top non-repeatable levels by time:
     D:5: 3716 daAuts
    D:12: 3649 daAuts
   Orc:2: 2666 daAuts
     D:7: 2278 daAuts
    D:10: 2129 daAuts
    D:11: 2039 daAuts
     D:9: 1960 daAuts
     D:1: 1919 daAuts
     D:8: 1632 daAuts
   IceCv: 1542 daAuts
     D:4: 1535 daAuts
     D:3: 1525 daAuts
     D:2: 1460 daAuts
   Orc:1: 1419 daAuts
     D:6: 1398 daAuts
